 Dungeon Crawl Stone Soup version 0.25-a0-578-gc91f01c39c (webtiles) character file.

Game seed: 4023578904866967656, levelgen mode: deterministic

3717 imorgonsnalla the Cleaver (level 10, -6/94 HPs)
             Began as a Gargoyle Berserker on Mar 3, 2020.
             Was a High Priest of Trog.
             Mangled by an eight-headed hydra (11 damage)
             ... on level 8 of the Dungeon.
             The game lasted 00:23:10 (6645 turns).

imorgonsnalla the Cleaver (Gargoyle Berserker)      Turns: 6645, Time: 00:23:11

Health: -6/94      AC: 22    Str: 24    XL:     10   Next: 14%
Magic:  6/6        EV: 11    Int:  8    God:    Trog [*****.]
Gold:   441        SH:  4    Dex:  9    Spells: 9/9 levels left

rFire    . . .     SeeInvis .   y - +0 broad axe (antimagic)
rCold    . . .     Gourm    .   n - +0 buckler
rNeg     + . .     Faith    .   D - +3 scale mail
rPois    ∞         Spirit   .   j - +2 helmet
rElec    +         Reflect  .   (no cloak)
rCorr    .         Harm     .   s - +0 pair of gloves
MR       .....                  (no boots)
Stlth    ..........             (no amulet)
HPRegen  0.25/turn              h - ring of magical power
MPRegen  0.10/turn              d - ring of stealth

@: berserking, very quick
A: negative energy resistance 1, electricity resistance, unbreathing,
petrification resistance, rot immunity, AC +7
a: Berserk, Trog's Hand, Brothers in Arms, Renounce Religion


You were on level 8 of the Dungeon.
You worshipped Trog.
Trog was extremely pleased with you.
You were hungry.

You visited 1 branch of the dungeon, and saw 8 of its levels.

You collected 441 gold pieces.

Inventory:

Hand Weapons
 y - a +0 antimagic broad axe (weapon)
 z - a +0 battleaxe
Armour
 a - the +1 chain mail of the Gloaming {Dex+2, unknown}
   (You found it on level 7 of the Dungeon)

   It affects your dexterity (+2).
   If you switch to wearing this armour, your AC will remain unchanged.
 j - a +2 helmet (worn)
 n - a +0 buckler (worn)
 s - a +0 pair of gloves (worn)
 D - a +3 scale mail (worn)
Jewellery
 d - a ring of stealth (right hand)
 h - a ring of magical power (left hand)
 l - an uncursed ring of fire
Wands
 r - a wand of disintegration (4)
 v - a wand of flame (19)
 w - a wand of random effects (23)
 E - a wand of polymorph (4)
Scrolls
 b - 3 scrolls of immolation
 f - 2 scrolls of fog {unknown}
 i - 2 scrolls of fear {unknown}
 k - 3 scrolls of remove curse
 m - 4 scrolls of noise {unknown}
 o - a scroll of blinking {unknown}
 q - a scroll of magic mapping {unknown}
 t - 11 scrolls of teleportation
 x - a scroll of identify
 B - a scroll of enchant weapon {unknown}
 F - a scroll of amnesia {unknown}
Potions
 e - a potion of degeneration {unknown}
 p - a potion of mutation {unknown}
 u - a potion of flight {unknown}
 A - 2 potions of curing {unknown}
 C - 3 potions of lignification {unknown}
Comestibles
 c - 26 rations
 g - 37 chunks of flesh


   Skills:
 + Level 7.5 Fighting
 * Level 10.0 Axes
 - Level 6.0 Armour
 + Level 3.7 Dodging
 + Level 3.3 Shields


You had 9 spell levels left.
You didn't know any spells.
Your spell library was empty.

Dungeon Overview and Level Annotations

Branches:
Dungeon (8/15)             Temple (0/1) D:7
   Lair: D:8-11

Altars:
Cheibriados
Dithmenos
Elyvilon
Fedhas
Gozag
Hepliaklqana
Kikubaaqudgha
Trog
Wu Jian

Shops:
D:4 (

Annotations:
D:3 3 runed translucent doors, terminal's ghost, amateur MfGl


Innate Abilities, Weirdness & Mutations

You are resistant to torment.
Your stone body is resilient. (AC +7)
You are immune to poison.
You resist negative energy. (rN+)
You are resistant to electric shocks. (rElec)
You can survive without breathing.
You are immune to petrification.
You are immune to rotting.


Message History

You hack one of the seven-headed hydra's heads off!
The six-headed hydra grows two more!
You slash the eight-headed hydra!
The eight-headed hydra is heavily wounded.
The eight-headed hydra bites you but does no damage. x2
The eight-headed hydra closely misses you.
The eight-headed hydra bites you!
* * * LOW HITPOINT WARNING * * *
The eight-headed hydra bites you but does no damage.
The eight-headed hydra bites you.
* * * LOW HITPOINT WARNING * * *
The eight-headed hydra bites you but does no damage.
The eight-headed hydra barely misses you.
You barely miss the eight-headed hydra.
The eight-headed hydra is heavily wounded.
The eight-headed hydra misses you.
The eight-headed hydra bites you but does no damage.
The eight-headed hydra bites you.
* * * LOW HITPOINT WARNING * * *
The eight-headed hydra bites you!
You die...

##...>.......
####....##....
#........####.
#....)...+ ..
##########...#
#.)+.P≈PP#...#
#K.#≈≈≈≈P#...#
#D##P≈P.≈#...#
#@.#.....#...#
#..'.÷..≈...######
#..'...÷.#........
#..'....≈#)....<..
#..#.....#........
##########.....†..
#.......)).
#......)...
#..........


You could see an eight-headed hydra and a big kobold.

Vanquished Creatures
  Pikel (D:5)
  2 dream sheep (D:8)
  2 yaks (D:8)
  A wyvern (D:8)
  Edmund (D:5)
  2 orc warriors (D:8)
  3 ogres
  2 big kobolds (D:8)
  4 bullfrogs
  A scorpion (D:6)
  A wyvern skeleton (D:6)
  3 wights (D:7)
  4 hounds
  2 jellies
  2 centaur skeletons
  2 bullfrog skeletons
  6 orc priests
  5 orc wizards
  Terence (D:2)
  2 iguanas (D:7)
  8 worker ants
  A hound skeleton (D:4)
  Robin (D:2)
  A worker ant zombie (D:3)
  4 adders
  A howler monkey skeleton (D:7)
  4 gnolls (D:6)
  A shadow imp (D:5)
  3 oozes
  An adder zombie (D:6)
  4 worms
  5 dart slugs
  3 leopard geckos
  35 orcs
  7 giant cockroaches
  17 goblins
  12 hobgoblins
  9 jackals
  3 quokkas
  3 ball pythons
  13 bats
  4 frilled lizards
  A jackal skeleton (D:4)
  A jackal zombie (D:7)
  10 kobolds
  A quokka skeleton (D:6)
  A quokka zombie (D:7)
  11 rats
  A plant (D:8)
213 creatures vanquished.

Vanquished Creatures (others)
  A phantom (D:5)
  A leopard gecko (D:5)
2 creatures vanquished.

Grand Total: 215 creatures vanquished

Notes
Turn   | Place    | Note
-------+----------+-------------------------------------------
     0 | D:1      | imorgonsnalla the Gargoyle Berserker began the quest for
                  | the Orb.
     0 | D:1      | Reached XP level 1. HP: 14/14 MP: 1/1
   441 | D:1      | Reached XP level 2. HP: 15/19 MP: 2/2
   494 | D:1      | Reached skill level 3 in Axes
   680 | D:1      | Reached XP level 3. HP: 22/23 MP: 3/3
  1000 | D:2      | Noticed Robin
  1009 | D:2      | Reached ** piety under Trog
  1017 | D:2      | Killed Robin
  1026 | D:2      | Reached skill level 4 in Axes
  1026 | D:2      | Reached XP level 4. HP: 27/28 MP: 4/4
  1420 | D:2      | Noticed Terence
  1430 | D:2      | Killed Terence
  1873 | D:2      | Found an ornate altar of the Wu Jian Council.
  2140 | D:3      | Reached XP level 5. HP: 30/32 MP: 5/5
  2210 | D:3      | Reached *** piety under Trog
  2403 | D:3      | Reached skill level 5 in Axes
  2677 | D:3      | Reached XP level 6. HP: 37/38 MP: 6/6
  2778 | D:3      | Noticed a moth of wrath
  2781 | D:3      | Found a bloodstained altar of Trog.
  2869 | D:3      | Found an opulent altar of Gozag.
  2875 | D:3      | Found a runed translucent gate.
  2875 | D:3      | Found a runed translucent gate.
  2875 | D:3      | Found a runed translucent gate.
  2878 | D:3      | Noticed terminal's ghost (amateur MfGl)
  3223 | D:4      | Found Oteef's Weapon Emporium.
  3626 | D:4      | Found a snail-covered altar of Cheibriados.
  3984 | D:5      | Entered Level 5 of the Dungeon
  4024 | D:5      | Noticed Edmund
  4072 | D:5      | Noticed a slave
  4076 | D:5      | Noticed a slave
  4076 | D:5      | Noticed Pikel
  4077 | D:5      | Noticed a slave
  4089 | D:5      | Noticed a slave
  4090 | D:5      | Killed Pikel
  4090 | D:5      | Reached skill level 5 in Fighting
  4090 | D:5      | Reached skill level 6 in Axes
  4090 | D:5      | Reached XP level 7. HP: 30/44 MP: 7/7
  4179 | D:5      | Killed Edmund
  4179 | D:5      | Reached XP level 8. HP: 29/50 MP: 8/8
  4383 | D:5      | Found a blossoming altar of Fedhas.
  4410 | D:5      | Reached skill level 7 in Axes
  4448 | D:5      | Found an ancient bone altar of Kikubaaqudgha.
  4464 | D:5      | Reached skill level 5 in Armour
  4531 | D:5      | Found a shadowy altar of Dithmenos.
  4807 | D:6      | Reached **** piety under Trog
  4999 | D:6      | Reached skill level 8 in Axes
  5185 | D:6      | Reached skill level 1 in Shields
  5263 | D:6      | Reached XP level 9. HP: 53/55 MP: 9/9
  5340 | D:7      | Found a staircase to the Ecumenical Temple.
  5812 | D:7      | Got a translucent chain mail
  5816 | D:7      | Reached skill level 9 in Axes
  5840 | D:7      | Found a hazy altar of Hepliaklqana.
  6404 | D:8      | Found a bloodstained altar of Trog.
  6413 | D:8      | Found a white marble altar of Elyvilon.
  6511 | D:8      | Reached ***** piety under Trog
  6511 | D:8      | Received a gift from Trog
  6590 | D:8      | Reached XP level 10. HP: 53/63 MP: 6/10
  6594 | D:8      | Reached skill level 10 in Axes
  6634 | D:8      | Noticed a three-headed hydra
  6645 | D:8      | Mangled by an eight-headed hydra

Levels and vault maps discovered:
D:1:      dpeg_arrival_concentric_ovals, layout_basic
D:2:      layout_basic, nicolae_overflow_crystal_walls, uniq_terence, uniq_robin
D:3:      layout_loops_ring, ebering_ghost_gozag, first_ration, tgw_trog
D:4:      layout_loops_corners, kennysheep_slug_shrine, serial_shops, shop,
          moated_statue
D:5:      layout_basic, grunt_dithmenos_shadows, kiku_gazebo_garden_becter,
          fedhas_altar_2, uniq_pikel, uniq_edmund
D:6:      layout_loops_cross
D:7:      layout_loops_cross, overflow_temple_1_default,
          minmay_temple_entry_waves
D:8:      layout_basic, lemuel_crystal_altar, vehumet_statue, kennysheep_mini,
          lemuel_round_altar, special_room [special_room_orc], serial_shops,
          shop, hangedman_ranch [blue_anna_fruit_fields]

Skill      XL: |  1  2  3  4  5  6  7  8  9 10 |
---------------+-------------------------------+-----
Axes           | 3 4 5 6 8 9 10 | 10.0
Armour         | 3 4 6 |  6.0
Fighting       | 5 6 7 |  7.5
Shields        | 1 3 |  3.3
Dodging        | 3 |  3.7

Action                   |  1- 3 |  4- 6 |  7- 9 | 10-12 || total
-------------------------+-------+-------+-------+-------++-------
Melee: Hand axe          |    80 |   267 |       |       ||   347
       Whip              |       |       |   155 |       ||   155
       Battleaxe         |       |       |   168 |       ||   168
       Broad axe         |       |       |     5 |    22 ||    27
Invok: Berserk           |     1 |     4 |     1 |     1 ||     7
  Use: Scroll            |       |       |     7 |       ||     7
  Eat: Chunk             |       |    13 |     8 |       ||    21
       Ration            |       |     1 |       |       ||     1
Armor: Scale mail        |    10 |       |   151 |    23 ||   184
       Animal skin       |     8 |       |       |       ||     8
       Chain mail        |    63 |   185 |    25 |       ||   273
       Skin              |     3 |       |       |       ||     3
Dodge: Dodged            |    56 |   155 |   162 |    15 ||   388
Block: Buckler           |       |       |     5 |     9 ||    14

Table legend:
 A = Non-vault XP
 B = Vault XP
 C = Vault XP percentage of total XP
 D = Non-vault monster count
 E = Vault monster count
 F = Vault count percentage of total count
                 A         B        C        D         E       F
            +---------+---------+-------+---------+---------+-------
      Total |    3077 |    2234 |  42.1 |     164 |      49 |  23.0
            +---------+---------+-------+---------+---------+-------
        D:1 |      48 |       0 |   0.0 |      26 |       0 |   0.0
        D:2 |      40 |      73 |  64.6 |      21 |      14 |  40.0
        D:3 |     182 |       9 |   4.7 |      31 |       5 |  13.9
        D:4 |     120 |       4 |   3.2 |      10 |       1 |   9.1
        D:5 |     173 |     896 |  83.8 |       8 |       3 |  27.3
        D:6 |     840 |       0 |   0.0 |      20 |       0 |   0.0
        D:7 |     954 |       0 |   0.0 |      28 |       0 |   0.0
        D:8 |     720 |    1252 |  63.5 |      20 |      26 |  56.5
            +---------+---------+-------+---------+---------+-------
